 Dungeon Crawl Stone Soup version 0.22-a0-247-gbddf880 (webtiles) character file.

83 Amnesiac the Charlatan (level 4, -6/24 HPs)
             Began as a Deep Elf Artificer on Feb 25, 2018.
             Was an Initiate of Gozag.
             Mangled by a worm (8 damage)
             ... on level 2 of the Dungeon.
             The game lasted 00:07:54 (4047 turns).

Amnesiac the Charlatan (Deep Elf Artificer)         Turns: 4047, Time: 00:07:55

Health: -6/24      AC:  6    Str: 10    XL:     4   Next: 22%
Magic:  10/10      EV: 11    Int: 16    God:    Gozag
Gold:   352        SH:  0    Dex: 15    Spells: 3/3 levels left

rFire    . . .     SeeInvis .   i - +0 dagger (curse)
rCold    . . .     Gourm    .   (no shield)
rNeg     . . .     Faith    .   j - +0 ring mail
rPois    .         Spirit   .   (no helmet)
rElec    .         Reflect  .   (no cloak)
rCorr    .         Harm     .   p - +0 pair of gloves
MR       .....                  (no boots)
Stlth    +.........             (no amulet)
HPRegen  0.08/turn              (no ring)
MPRegen  0.12/turn              (no ring)

@: no status effects
A: no striking features
a: Potion Petition, Call Merchant, Bribe Branch, Renounce Religion


You were on level 2 of the Dungeon.
You worshipped Gozag.
Gozag was aware of your devotion.
You were not hungry.

You visited 1 branch of the dungeon, and saw 3 of its levels.

You collected 387 gold pieces.
You paid 35 gold pieces to Gozag.

Inventory:

Hand Weapons
 a - a +0 short sword
 i - a cursed +0 dagger (weapon)
 k - a +2 hand axe of venom
 l - a +0 hunting sling
 m - a +0 fustibalus
Missiles
 o - 7 curare-tipped needles
Armour
 j - a +0 ring mail (worn)
 p - a +0 pair of gloves (worn)
Wands
 c - a wand of flame (6)
 d - a wand of enslavement (4)
 e - a wand of random effects (7)
Scrolls
 h - a scroll of noise {!r}
 n - a scroll of teleportation {!r}
 t - 2 scrolls of amnesia {!r}
 u - 2 scrolls of identify {!r}
Potions
 b - 2 potions of degeneration {!q, unknown}
 g - a potion of brilliance {!q}
 q - 2 potions of invisibility {!q, unknown}
 r - a potion of haste {!q}
 s - a potion of ambrosia {!q}
 v - a potion of magic {!q, unknown}
 w - a potion of heal wounds {!q, unknown}
Comestibles
 f - 6 rations


   Skills:
 - Level 0.7 Fighting
 - Level 1.0 Short Blades
 - Level 2.4 Dodging
 - Level 1.2 Stealth
 + Level 5.6 Evocations


You had 3 spell levels left.
You didn't know any spells.

Dungeon Overview and Level Annotations

Branches:
Dungeon (3/15)

Altars:
Dithmenos
Gozag
Zin

Annotations:
D:2 Sigmund


Message History

The adder is severely wounded.
You feel sick. The adder closely misses you.
You closely miss the adder.
The adder is severely wounded.
The adder bites you but does no damage.
You hit the adder.
The adder is almost dead.
The adder bites you.
You hit the adder but do no damage.
The adder is almost dead.
The adder misses you. The adder bites you but does no damage.
You hit the adder.
The adder is almost dead.
You feel sick. The adder closely misses you.
Your ring mail prevents you from hitting the adder.
The adder is almost dead.
The adder completely misses you.
You miss the adder.
The adder is almost dead.
The adder closely misses you.
You hit the adder.
You kill the adder!
You hit the worm.
The worm is moderately wounded.
You feel sick.
You hit the worm but do no damage.
The worm is moderately wounded.
The worm bites you but does no damage.
You hit the worm.
The worm is moderately wounded.
You hit the worm but do no damage.
The worm is moderately wounded.
The worm bites you but does no damage.
You hit the worm.
The worm is heavily wounded.
You feel sick.
You are no longer poisoned.
You hit the worm but do no damage.
The worm is heavily wounded.
The worm barely misses you.
You hit the worm.
The worm is heavily wounded.
The worm is distracted by the nearby gold.
You hit the worm.
The worm is no longer distracted by gold.
The worm is severely wounded.
You barely miss the worm.
The worm is severely wounded.
The worm bites you.
* * * LOW HITPOINT WARNING * * *
You hit the worm.
The worm is severely wounded.
You hit the worm but do no damage.
The worm is severely wounded.
The worm bites you!
* * * LOW HITPOINT WARNING * * *
You hit the worm.
The worm is severely wounded.
You are too injured to fight recklessly!
You barely miss the worm.
The worm is severely wounded.
The worm bites you!
You die...
Your body crumbles into a pile of gold.

#.# #...# #.# #...# # .. ..#
#...# . #w ### #...# .# #######.
#######...####### .# # #.....#.
#...............###.## #.#.....#.
.....................#.........##
#...............##.......#.....##
#######...#####.@w.......#.....##
#...# #.##..#.#.#### #>.. #...#
#.##.........# #.## #...#
#.......####)# #.##
#...#####>.##.#(####.###.##
#######...)..##.......#........##
#........###.###.##.....##.##....
#.####...###.###.####......##.###
.................####.#######..


You could see a worm.

Vanquished Creatures
  2 adders (D:2)
  A worm (D:3)
  2 dart slugs
  3 leopard geckos
  5 bats
  2 giant cockroaches
  9 hobgoblins
  2 jackals (D:1)
  A kobold (D:3)
  A quokka (D:2)
  A ball python (D:3)
  5 frilled lizards
  7 goblins
  7 rats
48 creatures vanquished.

Vanquished Creatures (collateral kills)
  An adder (D:3)
  A frilled lizard (D:3)
2 creatures vanquished.

Vanquished Creatures (others)
  2 adders (D:3)
  A leopard gecko (D:3)
  A hobgoblin (D:3)
  A kobold (D:3)
5 creatures vanquished.

Grand Total: 55 creatures vanquished

Notes
Turn   | Place    | Note
-------+----------+-------------------------------------------
     0 | D:1      | Amnesiac the Deep Elf Artificer began the quest for the Orb.
     0 | D:1      | Reached XP level 1. HP: 11/11 MP: 5/5
   476 | D:3      | Found a glowing silver altar of Zin.
   477 | D:3      | Found an opulent altar of Gozag.
   646 | D:3      | Became a worshipper of Gozag Ym Sagoz the Greedy
   824 | D:3      | Reached skill level 4 in Evocations
   824 | D:3      | Reached XP level 2. HP: 6/16 MP: 7/7
   967 | D:3      | Found a shadowy altar of Dithmenos.
  2365 | D:1      | Reached XP level 3. HP: 14/20 MP: 8/8
  2859 | D:2      | Reached skill level 5 in Evocations
  3008 | D:2      | Noticed Sigmund
  3937 | D:2      | Reached XP level 4. HP: 20/24 MP: 10/10
  4045 | D:2      | HP: 1/24 [worm (9)]
  4047 | D:2      | Mangled by a worm

Vault maps used:
D:1:      dpeg_arrival_arbitrary_b, minivault_14
D:2:      uniq_sigmund
D:3:      grunt_temple_overflow_gold_and_silver, grunt_dithmenos_smoke,
          first_ration, hangedman_decor_lopped

Skill      XL: |  1  2  3 |
---------------+----------+-----
Evocations     | 4 5 |  5.6
Fighting       | |  0.7
Short Blades   | |  1.0
Dodging        | |  2.4
Stealth        | |  1.2

Action                   |  1- 3 |  4- 6 || total
-------------------------+-------+-------++-------
Melee: Dagger            |   250 |    43 ||   293
       Short sword       |     2 |       ||     2
Evoke: Wand              |    28 |       ||    28
  Use: Scroll            |     7 |       ||     7
       Potion            |     1 |       ||     1
  Eat: Ration            |     4 |       ||     4
Armor: Ring mail         |   170 |    10 ||   180
Dodge: Dodged            |   215 |    19 ||   234

Table legend:
 A = Spawn XP
 B = Non-spawn XP
 C = Spawn XP percentage of total XP
 D = Spawn monster count
 E = Non-spawn monster count
 F = Spawn count percentage of total count
 G = Total turns spent on level
                    A         B        C        D         E        F      G
               +---------+---------+-------+---------+---------+-------+---------
         Total |       0 |     119 |   0.0 |       0 |      51 |   0.0 |  4047
               +---------+---------+-------+---------+---------+-------+---------
           D:1 |       0 |      27 |   0.0 |       0 |      13 |   0.0 |  1819
           D:2 |       0 |      49 |   0.0 |       0 |      17 |   0.0 |   740
           D:3 |       0 |      43 |   0.0 |       0 |      21 |   0.0 |  1488
               +---------+---------+-------+---------+---------+-------+---------
